 Dungeon Crawl Stone Soup version 0.21-a0-29-g43b3074 (webtiles) character file.

45 Espgualade the Skirmisher (level 3, -8/23 HPs)
             Began as a Tengu Ice Elementalist on May 26, 2017.
             Mangled by a worm (9 damage)
             ... on level 2 of the Dungeon.
             The game lasted 00:04:35 (2138 turns).

Espgualade the Skirmisher (Tengu Ice Elementalist)  Turns: 2138, Time: 00:04:36

Health: -8/23      AC:  2    Str:  8    XL:     3   Next: 64%
Magic:  6/7        EV: 12    Int: 16    God:
Gold:   63         SH:  0    Dex: 14    Spells: 0/6 levels left

rFire    . . .     SeeInvis .   e - +0 spear
rCold    . . .     Gourm    .   (no shield)
rNeg     . . .     Faith    .   a - +0 robe
rPois    .         Spirit   .   (helmet restricted)
rElec    .         Reflect  .   (no cloak)
rCorr    .         Harm     .   (no gloves)
MR       .....                  (boots unavailable)
Stlth    ++........             (no amulet)
Regen    0.1/turn               (no ring)
MPRegen  0.1/turn               (no ring)

@: very slightly contaminated
A: beak, talons 3
a: no special abilities


You were on level 2 of the Dungeon.
You were not hungry.

You visited 1 branch of the dungeon, and saw 2 of its levels.

You collected 63 gold pieces.

Inventory:

Hand Weapons
 e - a +0 spear (weapon)
Armour
 a - a +0 robe (worn)
Scrolls
 d - a scroll of magic mapping {unknown}
 i - 3 scrolls of identify {unknown}
 j - a scroll of recharging {unknown}
 m - a scroll of teleportation {unknown}
 n - a scroll of remove curse {unknown}
Potions
 g - 2 potions of curing
 h - a potion of magic {unknown}
Books
 b - a book of Frost

   Spells                             Type                      Level
   a - Freeze                         Ice                          1
   b - Throw Frost                    Conjuration/Ice              2
   c - Ozocubu's Armour               Charms/Ice                   3
   d - Throw Icicle                   Conjuration/Ice              4
   e - Summon Ice Beast               Ice/Summoning                4
Comestibles
 c - 2 bread rations
 f - 3 royal jellies


   Skills:
 + Level 3.1 Fighting
 - Level 2.1 Dodging
 - Level 2.0 Stealth
 - Level 2.0 Spellcasting
 - Level 1.3 Conjurations
 - Level 2.6 Ice Magic


You couldn't memorise any spells.
You knew the following spells:

 Your Spells              Type           Power        Failure   Level  Hunger
a - Freeze                Ice            ##..         7%          1    #......
b - Throw Frost           Conj/Ice       #.....       14%         2    ###....
c - Ozocubu's Armour      Chrm/Ice       #.......     34%         3    ###....


Dungeon Overview and Level Annotations

Branches:
Dungeon (2/15)

Altars:
Uskayaw


Innate Abilities, Weirdness & Mutations

You have a beak for a mouth.
You have claws for feet.


Message History

The worm is severely wounded.
You hit the worm but do no damage. You claw the worm.
The worm is severely wounded.
The worm bites you!
Ouch! That really hurt!
* * * LOW HITPOINT WARNING * * *
You hit the worm. Your kick misses the worm.
The worm is severely wounded.
Casting: Freeze
Confirm with . or Enter, or press ? or * to list all spells.
Aiming: Freeze
Press: ? - help, Shift-Dir - straight line, f - worm
Aim: a worm (severely wounded)
You miscast Freeze.
You are very lightly contaminated with residual magic.
Nothing appears to happen.
You hit the worm. Your kick misses the worm. Your peck misses the worm.
The worm is severely wounded.
The worm bites you!
You die...

#..#.#.##..##.#.## #.#
#.#...###..#.###.###.#
#.##.####...## ##....#
#...##..#.###.#####
#[#.##..#..#.##
#...##..#.#.##
##.###..#.#.# #.#
#..#.#.#######
#.###@###..#.#........
#....w.....#.#########
#####.###.##...# #.#
#.####.# #.# #.# #.#
#.# #.# #.# #.#
#.####.# ####
#.###.#....####...
#†##............##


You could see a worm.

Vanquished Creatures
  2 dart slugs (D:1)
  A leopard gecko (D:2)
  A giant cockroach (D:1)
  4 goblins (D:1)
  4 hobgoblins (D:1)
  A jackal (D:2)
  6 kobolds
  A quokka (D:2)
  4 ball pythons (D:1)
  6 bats
  3 frilled lizards (D:1)
  6 rats (D:1)
39 creatures vanquished.

Notes
Turn   | Place    | Note
-------+----------+-------------------------------------------
     0 | D:1      | Espgualade the Tengu Ice Elementalist began the quest for the Orb.
     0 | D:1      | Reached XP level 1. HP: 10/10 MP: 4/4
   104 | D:1      | Reached skill level 1 in Fighting
   241 | D:1      | Reached XP level 2. HP: 8/16 MP: 4/6
   698 | D:1      | Reached skill level 2 in Fighting
  1146 | D:1      | Reached XP level 3. HP: 22/22 MP: 7/7
  1824 | D:1      | Learned a level 2 spell: Throw Frost
  1828 | D:1      | Learned a level 3 spell: Ozocubu's Armour
  1850 | D:2      | Reached skill level 3 in Fighting
  1956 | D:2      | Found a hide-covered altar of Uskayaw.
  2131 | D:2      | HP: 1/23 [worm (12)]
  2138 | D:2      | Mangled by a worm

Vault maps used:
D:1:      kennysheep_arrival_seaside, st_stairs_4
D:2:      overflow_temple_1_default

Skill      XL: |  1  2  3 |
---------------+----------+-----
Fighting       | 1 2 3 |  3.1
Dodging        | |  2.1
Stealth        | |  2.0
Spellcasting   | |  2.0
Conjurations   | |  1.3
Ice Magic      | |  2.6

Action                   || total
-------------------------++-------
Melee: Spear             ||   125
       Kick              ||    20
       Peck              ||    11
 Cast: Freeze            ||    12
  Use: Potion            ||     1
 Stab: Sleeping          ||     3
       Distracted        ||     1
  Eat: Chunk             ||     4
Armor: Robe              ||    33
Dodge: Dodged            ||    93
